 Dungeon Crawl Stone Soup version 0.26-a0-639-g72c4674329 (webtiles) character file.

Game seed: 7044075114711583295

413 DogServant the Magician (level 6, 0/35 HPs)
             Began as a Deep Elf Air Elementalist on Sept 19, 2020.
             Slain by Pikel
             ... wielding a +1 whip of freezing
              (5 damage)
             ... on level 4 of the Dungeon.
             The game lasted 00:11:32 (4447 turns).

DogServant the Magician (Deep Elf Air Elementalist) Turns: 4447, Time: 00:11:33

Health: 0/35       AC:  2    Str:  5    XL:     6   Next: 59%
Magic:  2/15       EV: 13    Int: 22    God:
Gold:   167        SH:  0    Dex: 15    Spells: 9/15 levels left

rFire    . . .     SeeInvis .   b - +0 whip
rCold    . . .     Faith    .   (no shield)
rNeg     . . .     Spirit   .   a - +0 robe
rPois    .         Reflect  .   (no helmet)
rElec    .         Harm     .   (no cloak)
rCorr    .         Rampage  .   (no gloves)
MR       .....                  (no boots)
Stlth    ++........             (no amulet)
HPRegen  0.11/turn              (no ring)
MPRegen  0.14/turn              (no ring)

@: no status effects
A: no striking features
a: no special abilities


You were on level 4 of the Dungeon.
You visited 1 branch of the dungeon, and saw 4 of its levels.

You collected 167 gold pieces.

Inventory:

Hand Weapons
 b - a +0 whip (weapon)
 q - a +0 short sword
Armour
 a - a +0 robe (worn)
 e - a +0 cloak
Jewellery
 f - an uncursed amulet of regeneration {unknown}
Scrolls
 c - 4 scrolls of identify {unknown}
 d - 2 scrolls of fog {unknown}
 g - a scroll of fear {unknown}
 h - a scroll of teleportation {unknown}
 i - 3 scrolls of remove curse {unknown}
 n - 3 scrolls of enchant armour {unknown}
Potions
 j - a potion of heal wounds {unknown}
 k - 3 potions of degeneration {unknown}
 l - 3 potions of flight {unknown}
 m - a potion of stabbing {unknown}
 o - a potion of might {unknown}
 p - 2 potions of curing {unknown}
 r - 2 potions of brilliance {unknown}
 s - a potion of lignification {unknown}


   Skills:
 + Level 2.0 Fighting
 - Level 3.2 Dodging
 - Level 3.0 Stealth
 + Level 5.2 Spellcasting
 + Level 3.5 Conjurations
 + Level 4.5 Air Magic


You had 9 spell levels left.
You knew the following spells:

 Your Spells              Type           Power        Failure   Level
a - Shock                 Conj/Air       ###.         1%          1
b - Swiftness             Air            ####....     2%          2
c - Static Discharge      Conj/Air       ###.....     5%          3

Your spell library contained the following spells:

 Spells                   Type           Power        Failure   Level
 Airstrike                Air            ####......   16%         4
 Lightning Bolt           Conj/Air       ###.......   45%         5


Dungeon Overview and Level Annotations

Branches:
Dungeon (4/15)
 Temple: D:4-7

Altars:
Hepliaklqana
Nemelex Xobeh
Trog

Annotations:
D:4 3 runed translucent doors, Pikel


Message History

Confirm with . or Enter, or press ? or * to list all spells.
Aiming: Shock (safe; 1% risk of failure)
Press: ? - help, Shift-Dir - straight line, f/p - Pikel
Aim: Pikel, wielding a +1 whip of freezing, wearing a +0 robe and carrying a wand of acid (10) (heavily wounded, fast)
The zap hits the lemure.
The lemure is almost dead.
The zap hits Pikel.
Pikel is heavily wounded.
Pikel says, "You'll freeze in Cocytus!"
Pikel misses you.
Casting: Shock (safe; 1% risk of failure)
Confirm with . or Enter, or press ? or * to list all spells.
Okay, then.
Casting: Shock (safe; 1% risk of failure)
Confirm with . or Enter, or press ? or * to list all spells.
You don't have enough magic to cast that spell.
Pikel zaps a wand.
The bolt of acid hits you!
You are splashed with acid!
* * * LOW HITPOINT WARNING * * *
Pikel hits you with a +1 whip of freezing.
You die...

### ..##### #### #.##..
..# ### ### #.##.# #.#
##.## ..#...##.##@#
#.####.#.## .....5.55.K.#
#.....###.# ..#...##.#5)#
#.####.#.##
...#####....#####.# ##.##
#........#........# #.# #.
##.########.###########.##
#. . #.# #.........# .#.
#.# #.######..# ... #+#
####..#


You could see Pikel (fast) and 4 lemures.

Vanquished Creatures
  A phantom (D:3)
  2 orc priests
  A jelly (D:4)
  2 orc wizards
  Jessica (D:2)
  A worker ant (D:4)
  6 adders
  4 worms
  2 dart slugs
  11 orcs
  A ball python (D:1)
  A giant cockroach (D:1)
  2 goblins
  4 hobgoblins
  3 jackals (D:1)
  A quokka (D:3)
  4 bats
  6 frilled lizards
  5 kobolds
  A leopard gecko skeleton (D:2)
  7 rats
66 creatures vanquished.

Vanquished Creatures (others)
  43 plants (D:2)
43 creatures vanquished.

Grand Total: 109 creatures vanquished

Notes
Turn   | Place    | Note
-------+----------+-------------------------------------------
     0 | D:1      | DogServant the Deep Elf Air Elementalist began the quest
                  | for the Orb.
     0 | D:1      | Reached XP level 1. HP: 10/10 MP: 6/6
   488 | D:1      | Reached XP level 2. HP: 12/15 MP: 1/8
  1217 | D:2      | Reached XP level 3. HP: 19/19 MP: 2/9
  1394 | D:2      | Learned a level 2 spell: Swiftness
  2201 | D:2      | Noticed Jessica
  2209 | D:2      | Killed Jessica
  2209 | D:2      | Reached XP level 4. HP: 6/24 MP: 1/11
  2695 | D:3      | Reached skill level 4 in Spellcasting
  3059 | D:3      | Reached XP level 5. HP: 28/28 MP: 8/13
  3062 | D:3      | Reached skill level 1 in Fighting
  3181 | D:3      | Found a hazy altar of Hepliaklqana.
  3345 | D:3      | Learned a level 3 spell: Static Discharge
  3570 | D:3      | Noticed a phantom
  3611 | D:3      | Killed a phantom
  3611 | D:3      | Reached XP level 6. HP: 20/35 MP: 1/15
  3978 | D:4      | Found a sparkling altar of Nemelex Xobeh.
  3978 | D:4      | Found a bloodstained altar of Trog.
  4145 | D:4      | Found a runed translucent gate.
  4146 | D:4      | Found a runed translucent gate.
  4146 | D:4      | Found a runed translucent gate.
  4187 | D:4      | Reached skill level 5 in Spellcasting
  4436 | D:4      | Noticed Pikel
  4447 | D:4      | Slain by Pikel

Illustrated notes

Levels and vault maps discovered:
D:1:      co_arrival_random_square_maze, layout_loops_ring, minmay_pentomino_o4
D:2:      layout_rooms, kennysheep_boxes, uniq_jessica
D:3:      layout_loops_ring, lemuel_doored_altar
D:4:      layout_loops_corners, nicolae_overflow_hidden_temple,
          gammafunk_ghost_icy, uniq_pikel

Skill      XL: |  1  2  3  4  5  6 |
---------------+-------------------+-----
Dodging        | 3 |  3.2
Stealth        | 3 |  3.0
Conjurations   | 2 3 |  3.5
Spellcasting   | 4 5 |  5.2
Fighting       | 1 2 |  2.0
Air Magic      | 4 |  4.5

Action                   |  1- 3 |  4- 6 || total
-------------------------+-------+-------++-------
Melee: Whip              |     8 |       ||     8
 Cast: Shock             |    80 |   121 ||   201
       Swiftness         |     1 |     1 ||     2
Armor: Robe              |       |     2 ||     2
Dodge: Dodged            |    17 |    12 ||    29

Table legend: (Time is in decaauts)
 A = Elapsed time spent in this place.
 B = Non-inter-level travel time spent in this place.
 C = Inter-level travel time spent in this place.
 D = Time resting spent in this place.
 E = Time spent auto-exploring this place.
 F = Levels seen in this place.
 G = Mean time per level.
                   A        B        C        D        E       F      G
               +--------+--------+--------+--------+--------+-----+--------+
         Total |   4449 |   4374 |     75 |    875 |   3038 |   4 | 1112.2 |
       Dungeon |   4449 |   4374 |     75 |    875 |   3038 |   4 | 1112.2 |
               +--------+--------+--------+--------+--------+-----+--------+

Top non-repeatable levels by time:
     D:2: 1569 daAuts
     D:3: 1318 daAuts
     D:1: 1057 daAuts
     D:4: 502 daAuts
